Islanders vs Blue Jackets

Created - 22 décembre 2021 at 16:37

Goals
1 2 3 T
Islanders 3 1 0 4
Blue Jackets 1 0 1 2
Shots
1 2 3 T
Islanders 16 9 9 34
Blue Jackets 13 8 6 27

GoalsPenalties
1st period
1. Blue Jackets , Mike Matheson 5 (Chris Kreider 13, Steven Stamkos 21) at 5:37 (PP)
2. Islanders , John Klingberg 4 (Mark Scheifele 19, J.T. Miller 20) at 18:18 (PP)
3. Islanders , Sammy Blais 2 (Johan Larsson 3, John Klingberg 10) at 19:10
4. Islanders , Alexandre Texier 7 (Viktor Arvidsson 10, Charlie Coyle 13) at 19:24
Ryan McDonagh (CLB) for Hooking (Minor) at 0:19
Charlie Coyle (NYI) for Boarding (Minor) at 5:19
David Savard (CLB) for Holding Stick (Minor) at 18:00
2nd period
5. Islanders , Charlie Coyle 12 (Viktor Arvidsson 11, Alexandre Texier 7) at 8:06
Troy Stecher (NYI) for Goalie Interference (Minor) at 10:16
3rd period
6. Blue Jackets , Steven Stamkos 22 (Mike Matheson 12, Ryan O'Reilly 32) at 5:35
Ryan McDonagh (CLB) for Tripping (Minor) at 0:18
David Savard (CLB) for High sticking (Minor) at 7:19
David Savard (CLB) for Holding (Minor) at 10:23
Sammy Blais (NYI) for Charging (Minor) at 12:31
Goalie Stats
Mikko Koskinen (NYI), 25 saves from 27 shots - (0,926), W, 13-12-0, 60:00 minutes
John Gibson (CLB), 30 saves from 34 shots - (0,882), L, 13-8-2, 60:00 minutes
3 StarsOfficial
1 - Alexandre Texier (NYI)
2 - John Klingberg (NYI)
3 - Viktor Arvidsson (NYI)
Referees : Dan O'Halloran and Kendrick Nicholson
Linesman : Ryan Gibbons and Brandon Gawryletz
Game Note
No Game Note
Finance
Level 1 -- Attendance: 4819 (96,38%) -- Ticket Income 419 253 $
Level 2 -- Attendance: 4000 (100,00%) -- Ticket Income 220 000 $
Level 3 -- Attendance: 3000 (100,00%) -- Ticket Income 102 000 $
Level 4 -- Attendance: 3709 (92,73%) -- Ticket Income 77 889 $
Luxury Box -- Attendance: 1000 (100,00%) -- Ticket Income 163 000 $
Game was played at the Nationwide Arena.
Total Attendance: 16528 (97,22%)
Total Ticket Income: 982 142 $
Other Income: 481 250 $
Total Income: 1 463 392 $



Team Name Goals Shots Shots Attemp Shots Blocked PIM HIT PP PK FO%
Islanders 43463106311 / 5 (20%)147%
Blue Jackets 227541010131 / 3 (33%)153%

Islanders
Player Name POS G A P +/- PIM HIT SHT SB MP PP MP PP SHT PK MP PK SHT FO% FOT
Alex TuchLW/RW0000013018:514:1731:47033% 9
Alexandre TexierC/LW/RW1122004012:130:0000:0800% 1
Charlie CoyleC/RW1122224017:323:4901:39033% 18
J.T. MillerC/LW/RW0110022119:414:2502:29047% 15
Jesse PuljujarviRW0000021017:313:2100:0000% 1
Johan LarssonC011000108:280:0000:00063% 8
John KlingbergD1121012120:334:4722:0800% 0
Lawson CrouseLW/RW0000051116:083:2100:000100% 1
Mark ScheifeleC0110005120:564:1722:29057% 28
Milan LucicLW000002109:040:3600:0000% 1
Nick SchmaltzC/RW0000000014:460:3600:0000% 0
Noah DobsonD0001020115:570:3600:0000% 0
Rasmus DahlinD0000012124:063:2722:0800% 0
Rasmus RistolainenD0000031124:063:2702:0800% 0
Sammy BlaisLW/RW101021208:270:0000:0000% 0
Travis SanheimD0001002219:574:1122:0800% 0
Troy StecherD0001261115:200:0000:0000% 0
Viktor ArvidssonLW/RW0222032012:050:0000:000100% 1
Blue Jackets
Player Name POS G A P +/- PIM HIT SHT SB MP PP MP PP SHT PK MP PK SHT FO% FOT
Anthony CirelliC000-1005016:451:5010:00045% 20
Artturi LehkonenLW/RW000-1020013:490:0004:2500% 0
Cedric PaquetteC/RW000-1002013:490:0004:25067% 18
Chris KreiderLW/RW0110042019:482:2620:0000% 0
David SavardD000-1610323:032:4301:2300% 0
Erik CernakD000-1010422:580:0005:0100% 0
Joel ArmiaRW000-100309:240:0000:0000% 0
Mathieu JosephRW000000105:490:0000:0000% 0
Matt MartinLW/RW000001005:490:0000:0000% 0
Mike MathesonD1120003113:162:4330:0000% 0
Nikita ZaitsevD000-1012124:411:3315:1100% 0
Oliver BjorkstrandLW/RW000-1001020:341:5003:49067% 3
Ryan McDonaghD000-1421022:211:3301:5000% 0
Ryan O'ReillyC0110000019:482:2600:00059% 29
Steven LorentzC/LW000000019:380:0003:49036% 11
Steven StamkosC/LW/RW1120005019:482:2610:0000% 1
T.J. OshieLW/RW000-1002016:451:5000:0000% 1
Zach WhitecloudD0000010013:360:0003:0300% 0

Islanders

5 vs 5 Forward
Line #Left WingCenterRight WingPHYDFOFWanted %Time %Time Play
1Nick SchmaltzMark ScheifeleJesse Puljujarvi1043230%14:10
2Lawson CrouseJ.T. MillerAlex Tuch1132927%12:47
3Alexandre TexierCharlie CoyleViktor Arvidsson1132525%12:05
4Sammy BlaisJohan LarssonMilan Lucic3111418%8:28
5 vs 5 Defense
Line #DefenseDefensePHYDFOFWanted %Time %Time Play
1Rasmus RistolainenRasmus Dahlin1223029%13:52
2John KlingbergTravis Sanheim1223029%13:38
3Noah DobsonTroy Stecher1222432%15:21
4Rasmus RistolainenRasmus Dahlin1221610%4:39
Power Play Forward
Line #Left WingCenterRight WingPHYDFOFWanted %Time %Time Play
1J.T. MillerMark ScheifeleAlex Tuch1225052%4:17
2Lawson CrouseCharlie CoyleJesse Puljujarvi1225048%3:57
Power Play Defense
Line #DefenseDefensePHYDFOFWanted %Time %Time Play
1Rasmus RistolainenRasmus Dahlin1225042%3:27
2John KlingbergTravis Sanheim1225058%4:47
Penalty Kill 4 Players Forward
Line #CenterWingPHYDFOFWanted %Time %Time Play
1Mark ScheifeleJ.T. Miller1225058%2:29
2Alex TuchCharlie Coyle1225042%1:47
Penalty Kill 4 Players Defense
Line #DefenseDefensePHYDFOFWanted %Time %Time Play
1Rasmus RistolainenRasmus Dahlin1225050%2:08
2John KlingbergTravis Sanheim1225050%2:08
Penalty Kill 3 Players
Line #WingPHYDFOFWanted %Time %Time PlayDefenseDefensePHYDFOFWanted %Time %Time Play
1Mark Scheifele122500%0:00 Rasmus RistolainenRasmus Dahlin122500%0:00
2J.T. Miller122500%0:00 John KlingbergTravis Sanheim122500%0:00
4 vs 4 Forward
Line #CenterWingPHYDFOFWanted %Time %Time Play
1Mark ScheifeleJ.T. Miller122500%0:00
2Alex TuchCharlie Coyle122500%0:00
4 vs 4 Defense
Line #DefensePHYDFOFWanted %Time %Time Play
1Rasmus RistolainenRasmus Dahlin122500%0:00
2John KlingbergTravis Sanheim122500%0:00
Last Minutes Offensive
Left WingCenterRight WingDefenseDefense
J.T. MillerMark ScheifeleAlex TuchRasmus RistolainenRasmus Dahlin
Last Minutes Defensive
Left WingCenterRight WingDefenseDefense
J.T. MillerMark ScheifeleAlex TuchRasmus RistolainenRasmus Dahlin
Time
Total ForwardTotal DefenseLast Minutes OffensiveLast Minutes Defensive
60:00 60:00 0:000:00
Extra Forwards
Normal PowerPlayPenalty Kill
Milan Lucic, Nick Schmaltz, Alexandre TexierMilan Lucic, Nick SchmaltzAlexandre Texier
Extra Defensemen
Normal PowerPlayPenalty Kill
Noah Dobson, Troy Stecher, John KlingbergNoah Dobson, Troy StecherJohn Klingberg
Penalty Shots
Mark Scheifele, J.T. Miller, Alex Tuch, Charlie Coyle, Jesse Puljujarvi
Goalie
Mikko Koskinen, Matt Murray
Custom OT Lines Forwards
Mark Scheifele, J.T. Miller, Alex Tuch, Charlie Coyle, Jesse Puljujarvi, Lawson Crouse, Nick Schmaltz, Alexandre Texier, Viktor Arvidsson, Johan Larsson
Custom OT Lines Defensemen
Rasmus Ristolainen, Rasmus Dahlin, John Klingberg, Travis Sanheim, Noah Dobson
Scratches
Nicolas Aube-Kubel (Healthy), William Lockwood (Healthy), Sebastian AhoD (Healthy)

Blue Jackets

5 vs 5 Forward
Line #Left WingCenterRight WingPHYDFOFWanted %Time %Time Play
1Chris KreiderRyan O'ReillySteven Stamkos0143437%17:22
2Oliver BjorkstrandAnthony CirelliT.J. Oshie0143231%14:55
3Joel ArmiaCedric PaquetteArtturi Lehkonen0232020%9:24
4Matt MartinSteven LorentzMathieu Joseph1221412%5:49
5 vs 5 Defense
Line #DefenseDefensePHYDFOFWanted %Time %Time Play
1Ryan McDonaghDavid Savard0324040%19:00
2Erik CernakNikita Zaitsev0323838%17:57
3Mike MathesonZach Whitecloud0412222%10:33
4Zach WhitecloudNikita Zaitsev12200%0:00
Power Play Forward
Line #Left WingCenterRight WingPHYDFOFWanted %Time %Time Play
1Chris KreiderRyan O'ReillySteven Stamkos0056057%2:26
2Oliver BjorkstrandAnthony CirelliT.J. Oshie0054043%1:50
Power Play Defense
Line #DefenseDefensePHYDFOFWanted %Time %Time Play
1Ryan McDonaghNikita Zaitsev0325036%1:33
2David SavardMike Matheson0325064%2:43
Penalty Kill 4 Players Forward
Line #CenterWingPHYDFOFWanted %Time %Time Play
1Cedric PaquetteArtturi Lehkonen0505054%4:25
2Steven LorentzOliver Bjorkstrand0505046%3:49
Penalty Kill 4 Players Defense
Line #DefenseDefensePHYDFOFWanted %Time %Time Play
1Ryan McDonaghDavid Savard1405039%3:13
2Nikita ZaitsevErik Cernak1405061%5:01
Penalty Kill 3 Players
Line #WingPHYDFOFWanted %Time %Time PlayDefenseDefensePHYDFOFWanted %Time %Time Play
1Cedric Paquette050500%0:00 Ryan McDonaghDavid Savard050500%0:00
2Anthony Cirelli050500%0:00 Zach WhitecloudMike Matheson050500%0:00
4 vs 4 Forward
Line #CenterWingPHYDFOFWanted %Time %Time Play
1Ryan O'ReillyMathieu Joseph023500%0:00
2Anthony CirelliOliver Bjorkstrand023500%0:00
4 vs 4 Defense
Line #DefensePHYDFOFWanted %Time %Time Play
1Ryan McDonaghMike Matheson131500%0:00
2David SavardErik Cernak131500%0:00
Last Minutes Offensive
Left WingCenterRight WingDefenseDefense
Chris KreiderRyan O'ReillySteven StamkosRyan McDonaghDavid Savard
Last Minutes Defensive
Left WingCenterRight WingDefenseDefense
Artturi LehkonenAnthony CirelliJoel ArmiaRyan McDonaghDavid Savard
Time
Total ForwardTotal DefenseLast Minutes OffensiveLast Minutes Defensive
60:00 60:00 0:000:00
Extra Forwards
Normal PowerPlayPenalty Kill
Mathieu Joseph, Steven Stamkos, Oliver BjorkstrandMathieu Joseph, Steven StamkosJoel Armia
Extra Defensemen
Normal PowerPlayPenalty Kill
David Savard, Erik Cernak, Zach WhitecloudNikita Zaitsev, Ryan McDonaghZach Whitecloud
Penalty Shots
Ryan O'Reilly, Anthony Cirelli, Steven Stamkos, Chris Kreider, Mathieu Joseph
Goalie
John Gibson, Chris Driedger
Custom OT Lines Forwards
Steven Stamkos, Mathieu Joseph, Anthony Cirelli, Chris Kreider, Ryan O'Reilly, T.J. Oshie, Oliver Bjorkstrand, Joel Armia, Matt Martin, Steven Lorentz
Custom OT Lines Defensemen
Ryan McDonagh, David Savard, Mike Matheson, Erik Cernak, Nikita Zaitsev
Scratches
Brent Seabrook (Healthy), Sam Carrick (Healthy)


Play-by-Play

1st period


0:01 of 1st period - Ryan O'Reilly wins face-off versus Mark Scheifele in neutral zone.
0:19 of 1st period - Minor Penalty to Ryan McDonagh for Hooking.
0:20 of 1st period - Cedric Paquette wins face-off versus Alex Tuch in Blue Jackets zone.
0:48 of 1st period - Shot by John Klingberg.
0:48 of 1st period - Stopped by John Gibson with a rebound.
0:50 of 1st period - Shot by Alex Tuch.
0:50 of 1st period - Shot Blocked by Steven Lorentz.
0:52 of 1st period - Shot by Alex Tuch.
0:52 of 1st period - Stopped by John Gibson without a rebound.
0:53 of 1st period - Cedric Paquette wins face-off versus Charlie Coyle in Blue Jackets zone.
1:37 of 1st period - Shot by Rasmus Dahlin.
1:37 of 1st period - Shot Misses the Net.
2:03 of 1st period - Shot by Mark Scheifele.
2:03 of 1st period - Shot Misses the Net.
2:11 of 1st period - Shot by Alex Tuch.
2:11 of 1st period - Deflect By Mark Scheifele.
2:11 of 1st period - Stopped by John Gibson without a rebound.
2:12 of 1st period - Mark Scheifele wins face-off versus Steven Lorentz in Blue Jackets zone.
2:17 of 1st period - Shot by Alex Tuch.
2:17 of 1st period - Stopped by John Gibson without a rebound.
2:18 of 1st period - Oliver Bjorkstrand wins face-off versus Charlie Coyle in Blue Jackets zone.
2:18 of 1st period - Oliver Bjorkstrand is hit by Lawson Crouse.
2:34 of 1st period - Shot by T.J. Oshie.
2:34 of 1st period - Stopped by Mikko Koskinen with a rebound.
2:36 of 1st period - Shot by David Savard.
2:36 of 1st period - Shot Misses the Net.
2:38 of 1st period - Shot by Anthony Cirelli.
2:38 of 1st period - Stopped by Mikko Koskinen with a rebound.
2:40 of 1st period - Shot by Ryan McDonagh.
2:40 of 1st period - Stopped by Mikko Koskinen without a rebound.
2:41 of 1st period - J.T. Miller wins face-off versus Ryan O'Reilly in Islanders zone.
2:46 of 1st period - Shot by J.T. Miller.
2:46 of 1st period - Deflect By Lawson Crouse.
2:46 of 1st period - Stopped by John Gibson without a rebound.
2:47 of 1st period - J.T. Miller wins face-off versus Ryan O'Reilly in Blue Jackets zone.
2:47 of 1st period - Travis Sanheim is hit by Zach Whitecloud and loses puck.
4:02 of 1st period - Shot by Alexandre Texier.
4:02 of 1st period - Stopped by John Gibson without a rebound.
4:03 of 1st period - Anthony Cirelli wins face-off versus Mark Scheifele in Blue Jackets zone.
4:16 of 1st period - Shot by Oliver Bjorkstrand.
4:16 of 1st period - Shot Misses the Net.
4:18 of 1st period - Shot by Nikita Zaitsev.
4:18 of 1st period - Stopped by Mikko Koskinen without a rebound.
4:19 of 1st period - Johan Larsson wins face-off versus Cedric Paquette in Islanders zone.
4:26 of 1st period - Joel Armia is hit by Sammy Blais and loses puck.
4:43 of 1st period - Shot by Johan Larsson.
4:43 of 1st period - Shot Misses the Net.
4:45 of 1st period - Shot by Johan Larsson.
4:45 of 1st period - Shot Misses the Net.
4:47 of 1st period - Shot by Rasmus Ristolainen.
4:47 of 1st period - Stopped by John Gibson without a rebound.
4:48 of 1st period - Mark Scheifele wins face-off versus T.J. Oshie in Blue Jackets zone.
4:54 of 1st period - Nick Schmaltz is hit by Nikita Zaitsev and loses puck.
5:17 of 1st period - Shot by Mark Scheifele.
5:17 of 1st period - Stopped by John Gibson without a rebound.
5:18 of 1st period - Steven Lorentz wins face-off versus Charlie Coyle in Blue Jackets zone.
5:18 of 1st period - Steven Lorentz is hit by Viktor Arvidsson.
5:19 of 1st period - Minor Penalty to Charlie Coyle for Boarding.
5:20 of 1st period - Ryan O'Reilly wins face-off versus Alex Tuch in Islanders zone.
5:35 of 1st period - Shot by Chris Kreider.
5:35 of 1st period - Stopped by Mikko Koskinen with a rebound.
5:37 of 1st period - Shot by Mike Matheson.
5:37 of 1st period - Goal by Mike Matheson - Islanders : 0 - Blue Jackets : 1.
5:38 of 1st period - Steven Lorentz wins face-off versus Charlie Coyle in neutral zone.
6:18 of 1st period - Shot by Charlie Coyle.
6:18 of 1st period - Stopped by John Gibson with a rebound.
6:20 of 1st period - Shot by Rasmus Ristolainen.
6:20 of 1st period - Shot Misses the Net.
7:20 of 1st period - Shot by Oliver Bjorkstrand.
7:20 of 1st period - Stopped by Mikko Koskinen without a rebound.
7:21 of 1st period - Cedric Paquette wins face-off versus J.T. Miller in Islanders zone.
7:24 of 1st period - Shot by Cedric Paquette.
7:24 of 1st period - Shot Misses the Net.
7:35 of 1st period - Icing by Zach Whitecloud.
7:36 of 1st period - Cedric Paquette wins face-off versus Mark Scheifele in Blue Jackets zone.
7:49 of 1st period - Joel Armia is hit by Jesse Puljujarvi and loses puck.
8:03 of 1st period - Icing by Noah Dobson.
8:04 of 1st period - Ryan O'Reilly wins face-off versus Mark Scheifele in Islanders zone.
8:04 of 1st period - Ryan O'Reilly is hit by Troy Stecher.
8:15 of 1st period - Ryan O'Reilly is hit by Troy Stecher and loses puck.
8:21 of 1st period - Icing by Nick Schmaltz.
8:22 of 1st period - Anthony Cirelli wins face-off versus Mark Scheifele in Islanders zone.
8:22 of 1st period - T.J. Oshie is hit by Troy Stecher.
8:25 of 1st period - Icing by Troy Stecher.
8:26 of 1st period - Ryan O'Reilly wins face-off versus Mark Scheifele in Islanders zone.
8:36 of 1st period - Icing by Jesse Puljujarvi.
8:37 of 1st period - Mark Scheifele wins face-off versus Oliver Bjorkstrand in Islanders zone.
9:15 of 1st period - Oliver Bjorkstrand is hit by John Klingberg and loses puck.
9:36 of 1st period - Shot by Alex Tuch.
9:36 of 1st period - Shot Misses the Net.
9:38 of 1st period - Shot by Travis Sanheim.
9:38 of 1st period - Deflect By J.T. Miller.
9:38 of 1st period - Stopped by John Gibson without a rebound.
9:39 of 1st period - Viktor Arvidsson wins face-off versus Cedric Paquette in Blue Jackets zone.
9:39 of 1st period - Rasmus Dahlin is hit by Erik Cernak.
9:49 of 1st period - Shot by Viktor Arvidsson.
9:49 of 1st period - Shot Misses the Net.
10:59 of 1st period - Shot by John Klingberg.
10:59 of 1st period - Shot Blocked by David Savard.
11:01 of 1st period - Shot by Milan Lucic.
11:01 of 1st period - Stopped by John Gibson without a rebound.
11:02 of 1st period - Anthony Cirelli wins face-off versus J.T. Miller in Blue Jackets zone.
11:21 of 1st period - Oliver Bjorkstrand is hit by J.T. Miller and loses puck.
11:38 of 1st period - Shot by T.J. Oshie.
11:38 of 1st period - Stopped by Mikko Koskinen without a rebound.
11:39 of 1st period - Ryan O'Reilly wins face-off versus Mark Scheifele in Islanders zone.
11:44 of 1st period - Shot by Steven Stamkos.
11:44 of 1st period - Stopped by Mikko Koskinen without a rebound.
11:45 of 1st period - Ryan O'Reilly wins face-off versus Mark Scheifele in Islanders zone.
11:45 of 1st period - Chris Kreider is hit by Rasmus Ristolainen and loses puck.
12:03 of 1st period - Icing by Mark Scheifele.
12:04 of 1st period - Mark Scheifele wins face-off versus Anthony Cirelli in Islanders zone.
12:08 of 1st period - Icing by Rasmus Ristolainen.
12:09 of 1st period - Mark Scheifele wins face-off versus Ryan O'Reilly in Islanders zone.
12:18 of 1st period - Shot by Steven Stamkos.
12:18 of 1st period - Shot Blocked by Rasmus Dahlin.
12:40 of 1st period - Shot by Steven Stamkos.
12:40 of 1st period - Stopped by Mikko Koskinen without a rebound.
12:41 of 1st period - J.T. Miller wins face-off versus Anthony Cirelli in Islanders zone.
13:22 of 1st period - Shot by T.J. Oshie.
13:22 of 1st period - Shot Misses the Net.
13:27 of 1st period - Icing by John Klingberg.
13:28 of 1st period - Ryan O'Reilly wins face-off versus J.T. Miller in Islanders zone.
13:37 of 1st period - Shot by Ryan O'Reilly.
13:37 of 1st period - Shot Blocked by Travis Sanheim.
13:50 of 1st period - Lawson Crouse is hit by Chris Kreider and loses puck.
13:57 of 1st period - Ryan McDonagh is hit by Lawson Crouse and loses puck.
14:05 of 1st period - Icing by Ryan McDonagh.
14:06 of 1st period - Ryan O'Reilly wins face-off versus Charlie Coyle in Blue Jackets zone.
14:06 of 1st period - Ryan O'Reilly is hit by Viktor Arvidsson.
14:12 of 1st period - Rasmus Dahlin is hit by Chris Kreider.
14:29 of 1st period - Shot by Viktor Arvidsson.
14:29 of 1st period - Stopped by John Gibson without a rebound.
14:30 of 1st period - Mark Scheifele wins face-off versus Steven Lorentz in Blue Jackets zone.
14:31 of 1st period - Shot by Nick Schmaltz.
14:31 of 1st period - Shot Misses the Net.
14:44 of 1st period - Mathieu Joseph is hit by Troy Stecher and loses puck.
14:57 of 1st period - Shot by Mathieu Joseph.
14:57 of 1st period - Shot Misses the Net.
14:59 of 1st period - Shot by Steven Lorentz.
14:59 of 1st period - Shot Blocked by Troy Stecher.
15:36 of 1st period - Oliver Bjorkstrand is hit by Troy Stecher.
15:42 of 1st period - Shot by Anthony Cirelli.
15:42 of 1st period - Stopped by Mikko Koskinen without a rebound.
15:43 of 1st period - Alex Tuch wins face-off versus Ryan O'Reilly in Islanders zone.
16:17 of 1st period - Icing by J.T. Miller.
16:18 of 1st period - Lawson Crouse wins face-off versus Cedric Paquette in Islanders zone.
16:38 of 1st period - Icing by Rasmus Ristolainen.
16:39 of 1st period - Anthony Cirelli wins face-off versus J.T. Miller in Islanders zone.
16:48 of 1st period - Anthony Cirelli is hit by J.T. Miller and loses puck.
16:56 of 1st period - Mike Matheson is hit by Lawson Crouse and loses puck.
17:00 of 1st period - Anthony Cirelli is hit by Rasmus Ristolainen.
17:59 of 1st period - Icing by David Savard.
18:00 of 1st period - Johan Larsson wins face-off versus Ryan O'Reilly in Blue Jackets zone.
18:00 of 1st period - Minor Penalty to David Savard for Holding Stick.
18:01 of 1st period - Mark Scheifele wins face-off versus Steven Lorentz in Blue Jackets zone.
18:16 of 1st period - Shot by Mark Scheifele.
18:16 of 1st period - Shot Misses the Net.
18:18 of 1st period - Shot by John Klingberg.
18:18 of 1st period - Goal by John Klingberg - Islanders : 1 - Blue Jackets : 1.
18:19 of 1st period - Cedric Paquette wins face-off versus Johan Larsson in neutral zone.
18:30 of 1st period - Shot by Joel Armia.
18:30 of 1st period - Shot Misses the Net.
18:32 of 1st period - Shot by Joel Armia.
18:32 of 1st period - Stopped by Mikko Koskinen without a rebound.
18:33 of 1st period - Steven Lorentz wins face-off versus Mark Scheifele in Islanders zone.
18:48 of 1st period - Shot by Mathieu Joseph.
18:48 of 1st period - Stopped by Mikko Koskinen without a rebound.
18:49 of 1st period - Johan Larsson wins face-off versus Cedric Paquette in Islanders zone.
19:08 of 1st period - Shot by John Klingberg.
19:08 of 1st period - Shot Misses the Net.
19:10 of 1st period - Shot by Johan Larsson.
19:10 of 1st period - Deflect By Sammy Blais.
19:10 of 1st period - Goal by Sammy Blais - Islanders : 2 - Blue Jackets : 1.
19:11 of 1st period - Ryan O'Reilly wins face-off versus Charlie Coyle in neutral zone.
19:22 of 1st period - Shot by Alexandre Texier.
19:22 of 1st period - Deflect By Viktor Arvidsson.
19:22 of 1st period - Shot Blocked by Nikita Zaitsev.
19:24 of 1st period - Shot by Alexandre Texier.
19:24 of 1st period - Goal by Alexandre Texier - Islanders : 3 - Blue Jackets : 1.
19:25 of 1st period - Mark Scheifele wins face-off versus Anthony Cirelli in neutral zone.
19:32 of 1st period - Shot by Jesse Puljujarvi.
19:32 of 1st period - Deflect By Mark Scheifele.
19:32 of 1st period - Stopped by John Gibson without a rebound.
19:33 of 1st period - Ryan O'Reilly wins face-off versus Alexandre Texier in Blue Jackets zone.
19:33 of 1st period - Chris Kreider is hit by Viktor Arvidsson and loses puck.
Goals for this period are 3 for Islanders vs 1 for Blue Jackets.
Shots for this period are 16 for Islanders vs 13 for Blue Jackets.

2nd period


0:01 of 2nd period - Anthony Cirelli wins face-off versus Jesse Puljujarvi in neutral zone.
0:35 of 2nd period - Shot by Jesse Puljujarvi.
0:35 of 2nd period - Stopped by John Gibson with a rebound.
0:37 of 2nd period - Shot by Rasmus Dahlin.
0:37 of 2nd period - Shot Blocked by Erik Cernak.
1:27 of 2nd period - John Klingberg is hit by Artturi Lehkonen and loses puck.
2:12 of 2nd period - Shot by Steven Stamkos.
2:12 of 2nd period - Shot Misses the Net.
2:23 of 2nd period - Steven Stamkos is hit by Alex Tuch and loses puck.
2:31 of 2nd period - Chris Kreider is hit by Lawson Crouse and loses puck.
3:40 of 2nd period - Shot by Oliver Bjorkstrand.
3:40 of 2nd period - Shot Misses the Net.
5:31 of 2nd period - Icing by J.T. Miller.
5:32 of 2nd period - Ryan O'Reilly wins face-off versus J.T. Miller in Islanders zone.
7:40 of 2nd period - Off-side.
7:41 of 2nd period - Oliver Bjorkstrand wins face-off versus Charlie Coyle in neutral zone.
8:00 of 2nd period - Shot by Viktor Arvidsson.
8:00 of 2nd period - Shot Misses the Net.
8:02 of 2nd period - Shot by Viktor Arvidsson.
8:02 of 2nd period - Shot Misses the Net.
8:04 of 2nd period - Shot by Charlie Coyle.
8:04 of 2nd period - Stopped by John Gibson with a rebound.
8:06 of 2nd period - Shot by Charlie Coyle.
8:06 of 2nd period - Goal by Charlie Coyle - Islanders : 4 - Blue Jackets : 1.
8:07 of 2nd period - J.T. Miller wins face-off versus Steven Stamkos in neutral zone.
8:16 of 2nd period - Icing by Nikita Zaitsev.
8:17 of 2nd period - Ryan O'Reilly wins face-off versus Johan Larsson in Blue Jackets zone.
8:17 of 2nd period - Ryan O'Reilly is hit by Milan Lucic.
8:29 of 2nd period - Shot by Sammy Blais.
8:29 of 2nd period - Stopped by John Gibson without a rebound.
8:30 of 2nd period - Mark Scheifele wins face-off versus Anthony Cirelli in Blue Jackets zone.
8:47 of 2nd period - Shot by Mark Scheifele.
8:47 of 2nd period - Stopped by John Gibson without a rebound.
8:48 of 2nd period - Charlie Coyle wins face-off versus Ryan O'Reilly in Blue Jackets zone.
9:17 of 2nd period - Shot by Steven Stamkos.
9:17 of 2nd period - Stopped by Mikko Koskinen without a rebound.
9:18 of 2nd period - Mark Scheifele wins face-off versus Cedric Paquette in Islanders zone.
9:18 of 2nd period - Mark Scheifele is hit by Artturi Lehkonen.
9:38 of 2nd period - Shot by Nick Schmaltz.
9:38 of 2nd period - Shot Blocked by David Savard.
10:00 of 2nd period - Shot by Joel Armia.
10:00 of 2nd period - Stopped by Mikko Koskinen without a rebound.
10:01 of 2nd period - Anthony Cirelli wins face-off versus J.T. Miller in Islanders zone.
10:04 of 2nd period - Shot by T.J. Oshie.
10:04 of 2nd period - Deflect By Anthony Cirelli.
10:04 of 2nd period - Stopped by Mikko Koskinen without a rebound.
10:05 of 2nd period - J.T. Miller wins face-off versus Ryan O'Reilly in Islanders zone.
10:05 of 2nd period - J.T. Miller is hit by Chris Kreider.
10:16 of 2nd period - Minor Penalty to Troy Stecher for Goalie Interference.
10:17 of 2nd period - Anthony Cirelli wins face-off versus Alex Tuch in Islanders zone.
10:44 of 2nd period - Shot by Mike Matheson.
10:44 of 2nd period - Stopped by Mikko Koskinen without a rebound.
10:45 of 2nd period - Ryan O'Reilly wins face-off versus Alex Tuch in Islanders zone.
11:53 of 2nd period - Shot by T.J. Oshie.
11:53 of 2nd period - Shot Blocked by J.T. Miller.
11:55 of 2nd period - Shot by David Savard.
11:55 of 2nd period - Shot Blocked by Rasmus Ristolainen.
12:05 of 2nd period - Shot by Anthony Cirelli.
12:05 of 2nd period - Stopped by Mikko Koskinen without a rebound.
12:06 of 2nd period - Alex Tuch wins face-off versus Anthony Cirelli in Islanders zone.
12:16 of 2nd period - T.J. Oshie is hit by Troy Stecher and loses puck.
12:35 of 2nd period - Icing by Johan Larsson.
12:36 of 2nd period - Johan Larsson wins face-off versus Steven Lorentz in Islanders zone.
12:36 of 2nd period - Sammy Blais is hit by Matt Martin and loses puck.
12:57 of 2nd period - Shot by Troy Stecher.
12:57 of 2nd period - Stopped by John Gibson without a rebound.
12:58 of 2nd period - J.T. Miller wins face-off versus Anthony Cirelli in Blue Jackets zone.
13:10 of 2nd period - Icing by Rasmus Ristolainen.
13:11 of 2nd period - Ryan O'Reilly wins face-off versus J.T. Miller in Islanders zone.
13:43 of 2nd period - Shot by Alex Tuch.
13:43 of 2nd period - Shot Blocked by Erik Cernak.
13:45 of 2nd period - Shot by J.T. Miller.
13:45 of 2nd period - Stopped by John Gibson without a rebound.
13:46 of 2nd period - Charlie Coyle wins face-off versus Anthony Cirelli in Blue Jackets zone.
13:46 of 2nd period - Viktor Arvidsson is hit by David Savard and loses puck.
14:20 of 2nd period - Shot by Anthony Cirelli.
14:20 of 2nd period - Stopped by Mikko Koskinen without a rebound.
14:21 of 2nd period - Mark Scheifele wins face-off versus Ryan O'Reilly in Islanders zone.
16:12 of 2nd period - Off-side.
16:13 of 2nd period - Charlie Coyle wins face-off versus Anthony Cirelli in neutral zone.
16:24 of 2nd period - Shot by Viktor Arvidsson.
16:24 of 2nd period - Stopped by John Gibson with a rebound.
16:26 of 2nd period - Shot by Travis Sanheim.
16:26 of 2nd period - Shot Blocked by David Savard.
16:28 of 2nd period - Shot by Alexandre Texier.
16:28 of 2nd period - Shot Misses the Net.
16:30 of 2nd period - Shot by Alexandre Texier.
16:30 of 2nd period - Stopped by John Gibson without a rebound.
16:31 of 2nd period - Cedric Paquette wins face-off versus Milan Lucic in Blue Jackets zone.
16:42 of 2nd period - Shot by Cedric Paquette.
16:42 of 2nd period - Stopped by Mikko Koskinen without a rebound.
16:43 of 2nd period - Charlie Coyle wins face-off versus Anthony Cirelli in Islanders zone.
16:51 of 2nd period - David Savard is hit by Noah Dobson and loses puck.
17:25 of 2nd period - Ryan McDonagh is hit by Charlie Coyle and loses puck.
17:48 of 2nd period - Shot by Joel Armia.
17:48 of 2nd period - Shot Misses the Net.
17:50 of 2nd period - Shot by Cedric Paquette.
17:50 of 2nd period - Shot Misses the Net.
17:56 of 2nd period - Shot by Artturi Lehkonen.
17:56 of 2nd period - Shot Misses the Net.
17:58 of 2nd period - Shot by Joel Armia.
17:58 of 2nd period - Deflect By Artturi Lehkonen.
17:58 of 2nd period - Shot Blocked by Noah Dobson.
18:00 of 2nd period - Shot by Joel Armia.
18:00 of 2nd period - Stopped by Mikko Koskinen with a rebound.
18:02 of 2nd period - Shot by Cedric Paquette.
18:02 of 2nd period - Deflect By Joel Armia.
18:02 of 2nd period - Shot Misses the Net.
18:08 of 2nd period - Shot by Zach Whitecloud.
18:08 of 2nd period - Shot Misses the Net.
18:13 of 2nd period - Joel Armia is hit by Noah Dobson.
18:48 of 2nd period - Icing by Troy Stecher.
18:49 of 2nd period - Ryan O'Reilly wins face-off versus Charlie Coyle in Islanders zone.
Goals for this period are 1 for Islanders vs 0 for Blue Jackets.
Shots for this period are 9 for Islanders vs 8 for Blue Jackets.

3rd period


0:01 of 3rd period - Anthony Cirelli wins face-off versus J.T. Miller in neutral zone.
0:18 of 3rd period - Minor Penalty to Ryan McDonagh for Tripping.
0:19 of 3rd period - Cedric Paquette wins face-off versus Charlie Coyle in Blue Jackets zone.
0:38 of 3rd period - Erik Cernak is hit by Lawson Crouse.
0:56 of 3rd period - Shot by Travis Sanheim.
0:56 of 3rd period - Stopped by John Gibson without a rebound.
0:57 of 3rd period - Cedric Paquette wins face-off versus Mark Scheifele in Blue Jackets zone.
1:03 of 3rd period - Artturi Lehkonen is hit by Rasmus Dahlin and loses puck.
1:10 of 3rd period - Shot by J.T. Miller.
1:10 of 3rd period - Deflect By Mark Scheifele.
1:10 of 3rd period - Shot Misses the Net.
2:45 of 3rd period - Shot by Johan Larsson.
2:45 of 3rd period - Stopped by John Gibson without a rebound.
2:46 of 3rd period - Cedric Paquette wins face-off versus Charlie Coyle in Blue Jackets zone.
3:09 of 3rd period - Zach Whitecloud is hit by Charlie Coyle and loses puck.
4:10 of 3rd period - Shot by Nick Schmaltz.
4:10 of 3rd period - Shot Blocked by Erik Cernak.
5:00 of 3rd period - Shot by J.T. Miller.
5:00 of 3rd period - Shot Misses the Net.
5:31 of 3rd period - Icing by Johan Larsson.
5:32 of 3rd period - Ryan O'Reilly wins face-off versus Johan Larsson in Islanders zone.
5:35 of 3rd period - Shot by Steven Stamkos.
5:35 of 3rd period - Goal by Steven Stamkos - Islanders : 4 - Blue Jackets : 2.
5:36 of 3rd period - Mark Scheifele wins face-off versus Ryan O'Reilly in neutral zone.
5:51 of 3rd period - Shot by Nick Schmaltz.
5:51 of 3rd period - Shot Blocked by Mike Matheson.
6:49 of 3rd period - Oliver Bjorkstrand is hit by Rasmus Ristolainen and loses puck.
7:06 of 3rd period - Shot by Oliver Bjorkstrand.
7:06 of 3rd period - Shot Misses the Net.
7:19 of 3rd period - Minor Penalty to David Savard for High sticking.
7:20 of 3rd period - Cedric Paquette wins face-off versus Charlie Coyle in Blue Jackets zone.
7:58 of 3rd period - Shot by J.T. Miller.
7:58 of 3rd period - Shot Misses the Net.
9:20 of 3rd period - Ryan McDonagh is hit by Milan Lucic and loses puck.
9:28 of 3rd period - Icing by David Savard.
9:29 of 3rd period - Charlie Coyle wins face-off versus Ryan O'Reilly in Blue Jackets zone.
9:29 of 3rd period - Troy Stecher is hit by Ryan McDonagh and loses puck.
9:36 of 3rd period - Shot by Viktor Arvidsson.
9:36 of 3rd period - Shot Misses the Net.
9:38 of 3rd period - Shot by Alexandre Texier.
9:38 of 3rd period - Stopped by John Gibson with a rebound.
9:40 of 3rd period - Shot by Alexandre Texier.
9:40 of 3rd period - Deflect By Viktor Arvidsson.
9:40 of 3rd period - Shot Misses the Net.
10:04 of 3rd period - Noah Dobson is hit by Chris Kreider and loses puck.
10:23 of 3rd period - Minor Penalty to David Savard for Holding.
10:24 of 3rd period - Mark Scheifele wins face-off versus Steven Lorentz in Blue Jackets zone.
10:25 of 3rd period - Shot by Alex Tuch.
10:25 of 3rd period - Stopped by John Gibson without a rebound.
10:26 of 3rd period - Mark Scheifele wins face-off versus Steven Lorentz in Blue Jackets zone.
10:31 of 3rd period - Shot by Rasmus Dahlin.
10:31 of 3rd period - Shot Blocked by Erik Cernak.
10:39 of 3rd period - Shot by Rasmus Dahlin.
10:39 of 3rd period - Stopped by John Gibson without a rebound.
10:40 of 3rd period - Mark Scheifele wins face-off versus Cedric Paquette in Blue Jackets zone.
11:07 of 3rd period - Shot by Travis Sanheim.
11:07 of 3rd period - Stopped by John Gibson without a rebound.
11:08 of 3rd period - Steven Lorentz wins face-off versus Charlie Coyle in Blue Jackets zone.
11:25 of 3rd period - Shot by Rasmus Dahlin.
11:25 of 3rd period - Stopped by John Gibson without a rebound.
11:26 of 3rd period - Cedric Paquette wins face-off versus Alex Tuch in Blue Jackets zone.
11:59 of 3rd period - Shot by Mark Scheifele.
11:59 of 3rd period - Stopped by John Gibson without a rebound.
12:00 of 3rd period - Charlie Coyle wins face-off versus Steven Lorentz in Blue Jackets zone.
12:00 of 3rd period - Rasmus Ristolainen is hit by Ryan McDonagh and loses puck.
12:31 of 3rd period - Minor Penalty to Sammy Blais for Charging.
12:32 of 3rd period - Mark Scheifele wins face-off versus Ryan O'Reilly in Islanders zone.
12:51 of 3rd period - Shot by Mike Matheson.
12:51 of 3rd period - Stopped by Mikko Koskinen with a rebound.
13:08 of 3rd period - Shot by Ryan O'Reilly.
13:08 of 3rd period - Shot Blocked by Mark Scheifele.
13:12 of 3rd period - Shot by Ryan O'Reilly.
13:12 of 3rd period - Shot Blocked by Travis Sanheim.
13:14 of 3rd period - Shot by David Savard.
13:14 of 3rd period - Shot Misses the Net.
13:16 of 3rd period - Shot by David Savard.
13:16 of 3rd period - Deflect By Steven Stamkos.
13:16 of 3rd period - Stopped by Mikko Koskinen without a rebound.
13:17 of 3rd period - Alex Tuch wins face-off versus Anthony Cirelli in Islanders zone.
13:40 of 3rd period - Shot by Nikita Zaitsev.
13:40 of 3rd period - Shot Misses the Net.
13:42 of 3rd period - Shot by Nikita Zaitsev.
13:42 of 3rd period - Stopped by Mikko Koskinen without a rebound.
13:43 of 3rd period - Ryan O'Reilly wins face-off versus Alex Tuch in Islanders zone.
14:14 of 3rd period - Shot by Chris Kreider.
14:14 of 3rd period - Stopped by Mikko Koskinen without a rebound.
14:15 of 3rd period - Anthony Cirelli wins face-off versus Mark Scheifele in Islanders zone.
15:07 of 3rd period - Shot by Johan Larsson.
15:07 of 3rd period - Shot Misses the Net.
17:15 of 3rd period - Erik Cernak is hit by Jesse Puljujarvi and loses puck.
17:31 of 3rd period - Icing by Rasmus Dahlin.
17:32 of 3rd period - Cedric Paquette wins face-off versus Mark Scheifele in Islanders zone.
17:51 of 3rd period - Shot by Cedric Paquette.
17:51 of 3rd period - Stopped by Mikko Koskinen without a rebound.
17:52 of 3rd period - J.T. Miller wins face-off versus Anthony Cirelli in Islanders zone.
18:13 of 3rd period - Shot by T.J. Oshie.
18:13 of 3rd period - Deflect By Oliver Bjorkstrand.
18:13 of 3rd period - Shot Blocked by Lawson Crouse.
18:25 of 3rd period - Shot by Oliver Bjorkstrand.
18:25 of 3rd period - Shot Misses the Net.
18:27 of 3rd period - Shot by Oliver Bjorkstrand.
18:27 of 3rd period - Deflect By Anthony Cirelli.
18:27 of 3rd period - Shot Blocked by John Klingberg.
19:12 of 3rd period - Shot by Charlie Coyle.
19:12 of 3rd period - Stopped by John Gibson without a rebound.
19:13 of 3rd period - Johan Larsson wins face-off versus Ryan O'Reilly in Blue Jackets zone.
Goals for this period are 0 for Islanders vs 1 for Blue Jackets.
Shots for this period are 9 for Islanders vs 6 for Blue Jackets.